 Dungeon Crawl Stone Soup version 0.25.0-65-g31bcc41 (webtiles) character file.

9348 Illumine the Thaumaturge (level 11, -3/81 HPs)
             Began as a Gnoll Ice Elementalist on July 19, 2020.
             Was an Elder of Vehumet.
             Slain by a cyan ugly thing (17 damage)
             ... on level 2 of the Dungeon on July 20, 2020.
             The game lasted 00:09:37 (3547 turns).

Illumine the Thaumaturge (Gnoll Ice Elementalist)   Turns: 3547, Time: 00:09:38

Health: -3/81      AC:  2    Str: 13    XL:     11   Next: 45%
Magic:  20/23      EV: 17    Int: 28    God:    Vehumet [****..]
Gold:   71         SH:  0    Dex: 15    Spells: 14/26 levels left

rFire    x . .     SeeInvis .   w - +0 dire flail (holy)
rCold    + . .     Gourm    .   (shield currently unavailable)
rNeg     . . .     Faith    .   a - +0 robe
rPois    .         Spirit   .   (no helmet)
rElec    .         Reflect  .   (no cloak)
rCorr    .         Harm     .   (no gloves)
MR       .....                  (no boots)
Stlth    ++++......             (no amulet)
HPRegen  0.23/turn              g - ring of ice
MPRegen  0.18/turn              v - ring "Xife Kapae" {Str+2 Int+7}

@: no status effects
A: distributed training, fangs 1, strong nose
a: Renounce Religion


You were on level 2 of the Dungeon.
You worshipped Vehumet.
Vehumet was greatly pleased with you.
You were not hungry.

You visited 2 branches of the dungeon, and saw 3 of its levels.

You collected 71 gold pieces.

Inventory:

Hand Weapons
 d - a +0 spear
 q - a +0 mace of protection
 s - a +0 morningstar
 w - a +0 dire flail of holy wrath (weapon)
Armour
 a - a +0 robe (worn)
 h - a +0 pair of gloves
Jewellery
 g - a ring of ice (left hand)
 m - an uncursed amulet of harm
 o - an uncursed ring of resist corrosion
 u - an uncursed ring of protection from cold
 v - the ring "Xife Kapae" (right hand) {Str+2 Int+7}
   (You found it on level 2 of the Dungeon)

   [ring of strength]

   It affects your strength (+2).
   It affects your intelligence (+7).
Wands
 t - a wand of flame (11)
Scrolls
 i - a scroll of teleportation
 k - a scroll of random uselessness {unknown}
 n - a scroll of amnesia
 r - a scroll of enchant weapon {unknown}
Potions
 b - 2 potions of might
 e - a potion of brilliance
 f - a potion of degeneration {unknown}
 j - a potion of curing
 l - a potion of heal wounds {unknown}
Comestibles
 c - 3 chunks of flesh


   Skills:
 + Level 6.2 Fighting
 + Level 6.2 Short Blades
 + Level 6.2 Long Blades
 + Level 6.2 Axes
 + Level 6.2 Maces & Flails
 + Level 6.2 Polearms
 + Level 6.2 Staves
 + Level 6.2 Slings
 + Level 6.2 Bows
 + Level 6.2 Crossbows
 + Level 6.2 Throwing
 + Level 6.2 Armour
 + Level 7.8 Dodging
 + Level 7.5 Stealth
 + Level 6.2 Shields
 + Level 6.2 Unarmed Combat
 + Level 8.0 Spellcasting
 + Level 5.6 Conjurations
 + Level 5.1 Hexes
 + Level 5.1 Charms
 + Level 5.1 Summonings
 + Level 5.1 Necromancy
 + Level 5.1 Translocations
 + Level 5.1 Transmutations
 + Level 5.1 Fire Magic
 + Level 7.6 Ice Magic
 + Level 5.1 Air Magic
 + Level 5.1 Earth Magic
 + Level 5.1 Poison Magic
 + Level 6.8 Invocations
 + Level 6.2 Evocations


You had 14 spell levels left.
You knew the following spells:

 Your Spells              Type           Power        Failure   Level  Hunger
a - Freeze                Ice            ####         1%          1    None
b - Summon Ice Beast      Ice/Summ       ######..     3%          4    ##.....
c - Throw Icicle          Conj/Ice       ######..     1%          4    ##.....
d - Ozocubu's Armour      Chrm/Ice       ######..     1%          3    None

Your spell library contained the following spells:

 Spells                   Type           Power        Failure   Level  Hunger
 Olgreb's Toxic Radiance  Pois           #####...     1%          4    ##.....
 Throw Frost              Conj/Ice       ######       1%          2    None


Dungeon Overview and Level Annotations

Branches:
Dungeon (2/3)              Temple (1/1) D:1           Slime (0/1) D:2
    Orc (0/1) D:2
  Swamp: D:2-3       Shoals: D:2-3        Snake: D:2-3       Spider: D:2-3
 Vaults: D:2-3

Altars:
Ashenzari
Fedhas
Hepliaklqana
Nemelex Xobeh
Qazlal
Trog
Uskayaw
Vehumet
Wu Jian
Yredelemnul
Zin
Beogh
Jiyva

Annotations:
D:2 Sigmund


Innate Abilities, Weirdness & Mutations

Your experience applies equally to all skills.
You have very sharp teeth.
Your uncanny sense of smell can sniff out nearby items.


Message History

Vehumet is extending the range of your destructive magics.
The orc hits your ice beast with a +0 flail.
The cyan ugly thing misses you.
You hit the cyan ugly thing but do no damage.
The cyan ugly thing is heavily wounded.
Your ice beast hits the orc.
Your ice beast freezes the orc!!
The orc dies!
Vehumet accepts your kill. The orc misses your ice beast.
The orc hits your ice beast with a +0 hand axe.
The cyan ugly thing trunk-slaps you! The cyan ugly thing shocks you!
You barely miss the cyan ugly thing.
The cyan ugly thing is heavily wounded.
Your ice beast hits the orc.
Your ice beast freezes the orc!
The orc dies!
Vehumet accepts your kill. The orc barely misses your ice beast.
The cyan ugly thing trunk-slaps you!
* * * LOW HITPOINT WARNING * * *
The cyan ugly thing shocks you!
You die...

### #.##
#..####
#.....##
#.###[.# . #.#
##)###
######... ##)#
#..)###@)....#.
#..#
###[[..uY......
#)##
####8Y8#####8
#)# #.o))..8.
#.# #.....$...
#.# #...⌠.._..⌠
#)#
∆#..........
#[# #......>...
#[# ###########


You could see a cyan ugly thing, an orc and 2 friendly ice beasts.

Vanquished Creatures
  A hydra (D:2)
  A cyclops (D:2)
  A slime creature (D:2)
  2 orc warriors (D:2)
  A necrophage (D:1)
  A phantom (D:2)
  A centaur (D:1)
  2 wights
  A crimson imp (D:1)
  A centaur zombie (D:2)
  A jelly (D:1)
  An iguana (D:1)
  An orc wizard (D:1)
  An adder (D:2)
  A shadow imp (D:1)
  A leopard gecko (D:1)
  10 orcs
28 creatures vanquished.

Vanquished Creatures (collateral kills)
  An orc warrior (D:2)
  A crocodile (D:2)
  A big kobold (D:2)
  An orc priest (D:2)
  9 orcs (D:2)
13 creatures vanquished.

Grand Total: 41 creatures vanquished

Notes
Turn   | Place    | Note
-------+----------+-------------------------------------------
     0 | D:1      | Illumine the Gnoll Ice Elementalist began the quest for the
                  | Orb.
     0 | D:1      | Reached XP level 1. HP: 13/13 MP: 6/6
   106 | D:1      | Found a shattered altar of Ashenzari.
   106 | D:1      | Noticed a crimson imp
   111 | D:1      | Found a staircase to the Ecumenical Temple.
   120 | Temple   | Entered the Ecumenical Temple
   137 | Temple   | Became a worshipper of Vehumet
   163 | D:1      | Killed a crimson imp
   163 | D:1      | Reached skill level 1 in Fighting
   163 | D:1      | Reached skill level 1 in Short Blades
   163 | D:1      | Reached skill level 1 in Long Blades
   163 | D:1      | Reached skill level 1 in Axes
   163 | D:1      | Reached skill level 1 in Maces & Flails
   163 | D:1      | Reached skill level 1 in Polearms
   163 | D:1      | Reached skill level 1 in Staves
   163 | D:1      | Reached skill level 1 in Slings
   163 | D:1      | Reached skill level 1 in Bows
   163 | D:1      | Reached skill level 1 in Crossbows
   163 | D:1      | Reached skill level 1 in Throwing
   163 | D:1      | Reached skill level 1 in Armour
   163 | D:1      | Reached skill level 1 in Shields
   163 | D:1      | Reached skill level 1 in Unarmed Combat
   163 | D:1      | Reached skill level 5 in Spellcasting
   163 | D:1      | Reached skill level 1 in Hexes
   163 | D:1      | Reached skill level 1 in Charms
   163 | D:1      | Reached skill level 1 in Summonings
   163 | D:1      | Reached skill level 1 in Necromancy
   163 | D:1      | Reached skill level 1 in Translocations
   163 | D:1      | Reached skill level 1 in Transmutations
   163 | D:1      | Reached skill level 1 in Fire Magic
   163 | D:1      | Reached skill level 1 in Air Magic
   163 | D:1      | Reached skill level 1 in Earth Magic
   163 | D:1      | Reached skill level 1 in Poison Magic
   163 | D:1      | Reached skill level 1 in Invocations
   163 | D:1      | Reached skill level 1 in Evocations
   163 | D:1      | Reached XP level 2. HP: 16/21 MP: 6/8
   163 | D:1      | Reached XP level 3. HP: 20/26 MP: 6/9
   163 | D:1      | Reached XP level 4. HP: 25/32 MP: 7/11
   163 | D:1      | Reached XP level 5. HP: 29/37 MP: 7/12
   216 | D:1      | Reached XP level 6. HP: 31/44 MP: 8/14
   217 | D:1      | Reached skill level 5 in Dodging
   267 | D:1      | Learned a level 4 spell: Summon Ice Beast
   276 | D:1      | Learned a level 4 spell: Throw Icicle
   409 | D:1      | Found a sparkling altar of Nemelex Xobeh.
   409 | D:1      | Found a glowing silver altar of Zin.
   488 | D:1      | Reached XP level 7. HP: 50/50 MP: 11/15
   852 | D:1      | Found a basalt altar of Yredelemnul.
   900 | D:1      | Found a shattered altar of Ashenzari.
  1016 | D:1      | Found a bloodstained altar of Trog.
  1041 | D:1      | Found a stormy altar of Qazlal.
  1139 | D:1      | Reached * piety under Vehumet
  1139 | D:1      | Offered knowledge of Flame Tongue by Vehumet.
  1139 | D:1      | Reached skill level 5 in Stealth
  1286 | D:2      | Noticed Sigmund
  1290 | D:2      | Noticed a cyclops
  1300 | D:1      | Reached XP level 8. HP: 48/57 MP: 9/16
  1408 | D:2      | Noticed a frost giant
  1547 | D:1      | Reached skill level 6 in Spellcasting
  1750 | D:1      | Reached XP level 9. HP: 14/64 MP: 2/18
  2428 | D:2      | Found a viscous altar of Jiyva.
  2428 | D:2      | Found a staircase to the Slime Pits.
  2518 | D:2      | Noticed an eight-headed hydra
  2878 | D:2      | Got a crude marble ring
  2879 | D:2      | Identified the ring "Xife Kapae" {Str+2 Int+7} (You found
                  | it on level 2 of the Dungeon)
  2891 | D:2      | Learned a level 3 spell: Ozocubu's Armour
  2921 | D:2      | Killed a cyclops
  2921 | D:2      | Offered knowledge of Sandblast by Vehumet.
  2921 | D:2      | Reached skill level 5 in Fighting
  2921 | D:2      | Reached skill level 5 in Short Blades
  2921 | D:2      | Reached skill level 5 in Long Blades
  2921 | D:2      | Reached skill level 5 in Axes
  2921 | D:2      | Reached skill level 5 in Maces & Flails
  2921 | D:2      | Reached skill level 5 in Polearms
  2921 | D:2      | Reached skill level 5 in Staves
  2921 | D:2      | Reached skill level 5 in Slings
  2921 | D:2      | Reached skill level 5 in Bows
  2921 | D:2      | Reached skill level 5 in Crossbows
  2921 | D:2      | Reached skill level 5 in Throwing
  2921 | D:2      | Reached skill level 5 in Armour
  2921 | D:2      | Reached skill level 5 in Shields
  2921 | D:2      | Reached skill level 5 in Unarmed Combat
  2921 | D:2      | Reached skill level 7 in Spellcasting
  2921 | D:2      | Reached skill level 5 in Invocations
  2921 | D:2      | Reached skill level 5 in Evocations
  2921 | D:2      | Reached XP level 10. HP: 41/73 MP: 7/20
  2971 | D:2      | Reached ** piety under Vehumet
  2975 | D:2      | HP: 5/111 [wight/cursed +0 trident (1)]
  2982 | D:2      | HP: 5/111 [poisoned by an adder]
  3275 | D:2      | Reached skill level 5 in Conjurations
  3290 | D:2      | Offered knowledge of Static Discharge by Vehumet.
  3302 | D:2      | Reached *** piety under Vehumet
  3338 | D:2      | Killed an eight-headed hydra
  3338 | D:2      | Reached skill level 8 in Spellcasting
  3338 | D:2      | Reached skill level 5 in Hexes
  3338 | D:2      | Reached skill level 5 in Charms
  3338 | D:2      | Reached skill level 5 in Summonings
  3338 | D:2      | Reached skill level 5 in Necromancy
  3338 | D:2      | Reached skill level 5 in Translocations
  3338 | D:2      | Reached skill level 5 in Transmutations
  3338 | D:2      | Reached skill level 5 in Fire Magic
  3338 | D:2      | Reached skill level 5 in Air Magic
  3338 | D:2      | Reached skill level 5 in Earth Magic
  3338 | D:2      | Reached skill level 5 in Poison Magic
  3338 | D:2      | Reached XP level 11. HP: 55/81 MP: 2/23
  3521 | D:2      | Noticed a cyan ugly thing
  3529 | D:2      | Offered knowledge of Olgreb's Toxic Radiance by Vehumet.
  3530 | D:2      | Found a roughly hewn altar of Beogh.
  3530 | D:2      | Found a staircase to the Orcish Mines.
  3545 | D:2      | Reached **** piety under Vehumet
  3547 | D:2      | Slain by a cyan ugly thing

Skill      XL: |  1  2  3  4  5  6  7  8  9 10 |
---------------+-------------------------------+-----
Fighting       | 1 2 3 5 6 |  6.2
Short Blades   | 1 2 3 5 6 |  6.2
Long Blades    | 1 2 3 5 6 |  6.2
Axes           | 1 2 3 5 6 |  6.2
Maces & Flails | 1 2 3 5 6 |  6.2
Polearms       | 1 2 3 5 6 |  6.2
Staves         | 1 2 3 5 6 |  6.2
Slings         | 1 2 3 5 6 |  6.2
Bows           | 1 2 3 5 6 |  6.2
Crossbows      | 1 2 3 5 6 |  6.2
Throwing       | 1 2 3 5 6 |  6.2
Armour         | 1 2 3 5 6 |  6.2
Shields        | 1 2 3 5 6 |  6.2
Unarmed Combat | 1 2 3 5 6 |  6.2
Spellcasting   | 5 6 7 8 |  8.0
Conjurations   | 2 3 4 5 |  5.6
Hexes          | 1 2 3 4 5 |  5.1
Charms         | 1 2 3 4 5 |  5.1
Summonings     | 1 2 3 4 5 |  5.1
Necromancy     | 1 2 3 4 5 |  5.1
Translocations | 1 2 3 4 5 |  5.1
Transmutations | 1 2 3 4 5 |  5.1
Fire Magic     | 1 2 3 4 5 |  5.1
Air Magic      | 1 2 3 4 5 |  5.1
Earth Magic    | 1 2 3 4 5 |  5.1
Poison Magic   | 1 2 3 4 5 |  5.1
Invocations    | 1 2 3 4 5 6 |  6.8
Evocations     | 1 2 3 5 6 |  6.2
Dodging        | 5 6 7 |  7.8
Stealth        | 5 6 7 |  7.5
Ice Magic      | 6 7 |  7.6

Action                   |  1- 3 |  4- 6 |  7- 9 | 10-12 || total
-------------------------+-------+-------+-------+-------++-------
Melee: Mace              |       |       |    27 |       ||    27
       Bite              |       |       |     5 |     2 ||     7
       Punch             |       |       |     1 |     1 ||     2
       Morningstar       |       |       |    19 |     9 ||    28
       Dire flail        |       |       |       |    27 ||    27
 Cast: Freeze            |       |     9 |    24 |       ||    33
       Throw Icicle      |       |       |    12 |     4 ||    16
       Summon Ice Beast  |       |       |     2 |    11 ||    13
Evoke: Wand              |       |       |     5 |       ||     5
  Use: Scroll            |       |       |     8 |     1 ||     9
       Potion            |       |       |       |     4 ||     4
 Stab: Sleeping          |       |       |     1 |       ||     1
  Eat: Ration            |       |       |     2 |     1 ||     3
       Chunk             |       |       |     1 |       ||     1
Armor: Robe              |       |     2 |    11 |     3 ||    16
       Skin              |       |       |       |    19 ||    19
Dodge: Dodged            |     1 |     2 |    66 |    25 ||    94
